MLB
MILWAUKEE BREWERS @ PITTSBURGH PIRATES
06/27/2098
 
TOP OF THE 1ST
Milwaukee Brewers batting - Pitching for Pittsburgh Pirates : RHP Chris Niewinski
Pitching: RHP Chris Niewinski
Batting: RHB Byron Weaver 0-0: Ball
1-0: Ball
2-0: Called Strike
2-1: Foul Ball, location: 9LMF
2-2: Ball
3-2: Strikes out looking
Batting: LHB Alex Cruz 0-0: Ball
1-0: Foul Ball, location: 23F
1-1: Foul Ball, location: 2F
1-2: Ball
2-2: Strikes out swinging, 2-3 out at first.
Batting: RHB Joe Hardie 0-0: Reached on error, E6 (Groundball, 6, EV 75.6 MPH)
Batting: RHB Johnny Curet 0-0: Called Strike
0-1: Foul Ball, location: 2RF
0-2: SINGLE (Groundball, 4M, EV 95.6 MPH)
Joe Hardie to second
Runner from 2nd tries for 3rd, SAFE, throw by CF made to third
Batting: SHB Jamie Saxton 0-0: Called Strike
0-1: Fly out, F9 (Flyball, 9, EV 99.4 MPH)
Top of the 1st over - 0 runs, 1 hit, 1 error, 2 left on base; Milwaukee 0 - Pittsburgh 0
BOTTOM OF THE 1ST
Pittsburgh Pirates batting - Pitching for Milwaukee Brewers : LHP Tim Cockfield
Pitching: LHP Tim Cockfield
Batting: RHB Verner Johannsen 0-0: Ball
1-0: Called Strike
1-1: Ball
2-1: Swinging Strike
2-2: Foul Ball, location: 3DF
2-2: Ground out 2-3 (Groundball, 2L, EV 64.4 MPH)
Batting: RHB Joey Noles 0-0: Foul Ball, location: 3SF
0-1: Called Strike
0-2: Strikes out swinging
Batting: RHB Nate D'Acquisto 0-0: Swinging Strike
0-1: Called Strike
0-2: Fly out, F7 (Flyball, 7, EV 90.6 MPH)
Bottom of the 1st over - 0 runs, 0 hits, 0 errors, 0 left on base; Milwaukee 0 - Pittsburgh 0
TOP OF THE 2ND
Milwaukee Brewers batting - Pitching for Pittsburgh Pirates : RHP Chris Niewinski
Batting: RHB Nate Todaro 0-0: Fly out, F7 (Flyball, 7, EV 78.8 MPH)
Batting: RHB Dennis Adams 0-0: Foul Ball, location: 2F
0-1: Foul Ball, location: 23F
0-2: Ball
1-2: Fly out, F8 (Flyball, 8LS, EV 78.8 MPH)
Batting: RHB Vinny Prestage 0-0: Called Strike
0-1: Foul Ball, location: 3DF
0-2: Foul Ball, location: 9LDF
0-2: Foul Ball, location: 3FF
0-2: Foul Ball, location: 23F
0-2: Ground out 4-3 (Groundball, 34, EV 100.6 MPH)
Top of the 2nd over - 0 runs, 0 hits, 0 errors, 0 left on base; Milwaukee 0 - Pittsburgh 0
BOTTOM OF THE 2ND
Pittsburgh Pirates batting - Pitching for Milwaukee Brewers : LHP Tim Cockfield
Batting: RHB Zachary Gugliotta 0-0: Called Strike
0-1: Swinging Strike
0-2: Ball
1-2: Ball
2-2: Fly out, F7 (Line Drive, 78M, EV 110.6 MPH)
Batting: RHB Raul Munoz 0-0: Foul Ball, location: 9LDF
0-1: Fly out, F8 (Flyball, 8LXD, EV 94.4 MPH)
Batting: RHB Bryan Dannemiller 0-0: Ball
1-0: Called Strike
1-1: Swinging Strike
1-2: DOUBLE (Flyball, 78XD, EV 109.4 MPH)
Batting: RHB Carlos Flores 0-0: Swinging Strike
0-1: Ball
1-1: Foul Ball, location: 3F
1-2: Fly out, F9 (Flyball, 9D, EV 95.6 MPH)
Bottom of the 2nd over - 0 runs, 1 hit, 0 errors, 1 left on base; Milwaukee 0 - Pittsburgh 0
TOP OF THE 3RD
Milwaukee Brewers batting - Pitching for Pittsburgh Pirates : RHP Chris Niewinski
Batting: SHB Josh Harder 0-0: Fly out, F9 (Flyball, 9, EV 83.8 MPH)
Batting: RHB Byron Weaver 0-0: Swinging Strike
0-1: Foul Ball, location: 3SF
0-2: Ball
1-2: Fly out, F9 (Flyball, 9LD, EV 103.8 MPH)
Batting: LHB Alex Cruz 0-0: Fly out, F4 (Popup, 13, EV 84.4 MPH)
Top of the 3rd over - 0 runs, 0 hits, 0 errors, 0 left on base; Milwaukee 0 - Pittsburgh 0
BOTTOM OF THE 3RD
Pittsburgh Pirates batting - Pitching for Milwaukee Brewers : LHP Tim Cockfield
Batting: RHB Alex Velazquez 0-0: Ball
1-0: Ball
2-0: Ground out 1-3 (Groundball, 13, EV 71.9 MPH)
Batting: LHB Todd Schuller 0-0: Ball
1-0: Called Strike
1-1: Ball
2-1: Ball
3-1: Foul Ball, location: 3DF
3-2: Foul Ball, location: 25FF
3-2: Strikes out swinging
Batting: RHB Verner Johannsen 0-0: Ball
1-0: Foul Ball, location: 5DF
1-1: Ball
2-1: Ball
3-1: Base on Balls
Batting: RHB Joey Noles 0-0: Ball
1-0: Ball
2-0: Called Strike
2-1: Ball
3-1: Foul Ball, location: 3F
3-2: Fly out, F7 (Flyball, 7D, EV 111.9 MPH)
Bottom of the 3rd over - 0 runs, 0 hits, 0 errors, 1 left on base; Milwaukee 0 - Pittsburgh 0
TOP OF THE 4TH
Milwaukee Brewers batting - Pitching for Pittsburgh Pirates : RHP Chris Niewinski
Batting: RHB Joe Hardie 0-0: Swinging Strike
0-1: Called Strike
0-2: Foul Ball, location: 9LMF
0-2: Ball
1-2: Foul Ball, location: 9LMF
1-2: Strikes out looking
Batting: RHB Johnny Curet 0-0: Ball
1-0: Ball
2-0: Called Strike
2-1: Ball
3-1: Called Strike
3-2: Ground out 5-3 (Groundball, 56S, EV 86.9 MPH)
Batting: SHB Jamie Saxton 0-0: Ground out 6-3 (Groundball, 6, EV 87.5 MPH)
Top of the 4th over - 0 runs, 0 hits, 0 errors, 0 left on base; Milwaukee 0 - Pittsburgh 0
BOTTOM OF THE 4TH
Pittsburgh Pirates batting - Pitching for Milwaukee Brewers : LHP Tim Cockfield
Pitching: LHP Mario Cisneros
Batting: RHB Nate D'Acquisto 0-0: Called Strike
0-1: Swinging Strike
0-2: Strikes out swinging
Batting: RHB Zachary Gugliotta 0-0: Called Strike
0-1: Ball
1-1: Ball
2-1: Swinging Strike
2-2: Foul Ball, location: 23F
2-2: Strikes out swinging
Batting: RHB Raul Munoz 0-0: Fly out, F7 (Flyball, 78M, EV 71.3 MPH)
Bottom of the 4th over - 0 runs, 0 hits, 0 errors, 0 left on base; Milwaukee 0 - Pittsburgh 0
TOP OF THE 5TH
Milwaukee Brewers batting - Pitching for Pittsburgh Pirates : RHP Chris Niewinski
Batting: RHB Nate Todaro 0-0: Foul Ball, location: 5FF
0-1: Ball
1-1: Ground out 1-3 (Groundball, 13, EV 72.5 MPH)
Batting: RHB Dennis Adams 0-0: Called Strike
0-1: Ball
1-1: Called Strike
1-2: Foul Ball, location: 9LDF
1-2: Ball
2-2: Foul Ball, location: 23F
2-2: Foul Ball, location: 2F
2-2: Ball
3-2: Base on Balls
Batting: RHB Vinny Prestage 0-0: SINGLE (Line Drive, 8LS, EV 96.3 MPH)
Dennis Adams to second
Dennis Adams to third
Batting: SHB Josh Harder 0-0: Ball
1-0: Ball
2-0: Grounds into double play, 6-4-3 (Groundball, 6, EV 88.8 MPH)
Top of the 5th over - 0 runs, 1 hit, 0 errors, 1 left on base; Milwaukee 0 - Pittsburgh 0
BOTTOM OF THE 5TH
Pittsburgh Pirates batting - Pitching for Milwaukee Brewers : LHP Mario Cisneros
Batting: RHB Bryan Dannemiller 0-0: Ball
1-0: Foul Ball, location: 7LSF
1-1: Called Strike
1-2: Strikes out swinging
Batting: RHB Carlos Flores 0-0: DOUBLE (Flyball, 78XD, EV 100.6 MPH)
Batting: RHB Alex Velazquez 0-0: Swinging Strike
0-1: SINGLE (Groundball, 34D, EV 95.6 MPH)
Carlos Flores to third
Runner from 3rd tries for Home, throw by RF and OUT! 9-2
Alex Velazquez to second
Batting: LHB Todd Schuller 0-0: Ground out U3 (Groundball, 3L, EV 85.6 MPH)
Bottom of the 5th over - 0 runs, 2 hits, 0 errors, 1 left on base; Milwaukee 0 - Pittsburgh 0
TOP OF THE 6TH
Milwaukee Brewers batting - Pitching for Pittsburgh Pirates : RHP Chris Niewinski
Batting: RHB Byron Weaver 0-0: Called Strike
0-1: Foul Ball, location: 2F
0-2: Strikes out swinging
Batting: LHB Alex Cruz 0-0: Hit by Pitch
Batting: RHB Joe Hardie 0-0: Ball
1-0: Fly out, F7 (Line Drive, 7S, EV 98.8 MPH)
Batting: RHB Johnny Curet 0-0: Ball
1-0: Called Strike
1-1: Foul Ball, location: 2F
1-2: Strikes out swinging
Top of the 6th over - 0 runs, 0 hits, 0 errors, 1 left on base; Milwaukee 0 - Pittsburgh 0
BOTTOM OF THE 6TH
Pittsburgh Pirates batting - Pitching for Milwaukee Brewers : LHP Mario Cisneros
Batting: RHB Verner Johannsen 0-0: Foul Ball, location: 2F
0-1: Foul Ball, location: 2F
0-2: Ball
1-2: DOUBLE (Flyball, 8LD, EV 93.1 MPH)
Batting: RHB Joey Noles 0-0: Intentional Walk
Batting: RHB Nate D'Acquisto 0-0: Swinging Strike
0-1: Swinging Strike
0-2: Grounds into double play, 6-4-3 (Groundball, 6, EV 100.0 MPH)
Verner Johannsen to third
Batting: RHB Zachary Gugliotta 0-0: Ground out 5-3 (Groundball, 5S, EV 93.8 MPH)
Bottom of the 6th over - 0 runs, 1 hit, 0 errors, 1 left on base; Milwaukee 0 - Pittsburgh 0
TOP OF THE 7TH
Milwaukee Brewers batting - Pitching for Pittsburgh Pirates : RHP Chris Niewinski
Batting: SHB Jamie Saxton 0-0: Ball
1-0: Fly out, F5 (Popup, 25, EV 86.9 MPH)
Batting: RHB Nate Todaro 0-0: Foul Ball, location: 5DF
0-1: Fly out, F8 (Flyball, 89S, EV 92.5 MPH)
Batting: RHB Dennis Adams 0-0: Ball
1-0: Foul Ball, location: 9LDF
1-1: Foul Ball, location: 9LMF
1-2: Strikes out swinging
Top of the 7th over - 0 runs, 0 hits, 0 errors, 0 left on base; Milwaukee 0 - Pittsburgh 0
BOTTOM OF THE 7TH
Pittsburgh Pirates batting - Pitching for Milwaukee Brewers : LHP Mario Cisneros
Batting: RHB Raul Munoz 0-0: SINGLE (Groundball, 4MD, EV 95.0 MPH)
Batting: RHB Bryan Dannemiller 0-0: Ball
1-0: Ball
2-0: Ground out 5-3 (Groundball, 56S, EV 70.6 MPH)
Raul Munoz to second
Batting: RHB Carlos Flores 0-0: Intentional Walk
Pitching: RHP Jon Bartolone
Batting: RHB Alex Velazquez 0-0: Called Strike
0-1: Ball
1-1: Ball
2-1: DOUBLE (Flyball, 78XD, EV 109.4 MPH)
Raul Munoz scores
Carlos Flores to third
Runner from 3rd tries for Home, SAFE, no throw by CF
Batting: LHB Todd Schuller 0-0: Intentional Walk
Batting: RHB Verner Johannsen 0-0: Ball
1-0: Ball
2-0: Called Strike
2-1: Called Strike
2-2: Strikes out swinging
Batting: RHB Joey Noles 0-0: Ball
1-0: Ball
2-0: Ball
3-0: Called Strike
3-1: Swinging Strike
3-2: DOUBLE (Line Drive, 7LS, EV 95.0 MPH)
Alex Velazquez scores
Todd Schuller to third
Todd Schuller scores
Batting: RHB Nate D'Acquisto 0-0: Called Strike
0-1: Ball
1-1: Foul Ball, location: 7LMFF
1-2: Ball
2-2: Strikes out swinging
Bottom of the 7th over - 4 runs, 3 hits, 0 errors, 1 left on base; Milwaukee 0 - Pittsburgh 4
TOP OF THE 8TH
Milwaukee Brewers batting - Pitching for Pittsburgh Pirates : RHP Chris Niewinski
Batting: RHB Vinny Prestage 0-0: Swinging Strike
0-1: Ball
1-1: Fly out, F6 (Popup, 6M, EV 61.9 MPH)
Batting: SHB Josh Harder 0-0: Fly out, F8 (Flyball, 8RM, EV 76.9 MPH)
Batting: RHB Byron Weaver 0-0: SINGLE (Line Drive, 9LS, EV 96.3 MPH)
Batting: LHB Alex Cruz 0-0: Ball
1-0: Foul Ball, location: 2F
1-1: Swinging Strike
1-2: Foul Ball, location: 2F
1-2: Foul Ball, location: 5F
1-2: Ball
2-2: SINGLE (Groundball, 56D, EV 97.5 MPH)
Byron Weaver to second
Runner from 2nd tries for 3rd, SAFE, no throw by LF
Pitching: RHP Dana House
Batting: RHB Joe Hardie 0-0: Foul Ball, location: 2F
0-1: Ball
1-1: Called Strike
1-2: Strikes out swinging
Top of the 8th over - 0 runs, 2 hits, 0 errors, 2 left on base; Milwaukee 0 - Pittsburgh 4
BOTTOM OF THE 8TH
Pittsburgh Pirates batting - Pitching for Milwaukee Brewers : RHP Jon Bartolone
Batting: RHB Zachary Gugliotta 0-0: Ball
1-0: Called Strike
1-1: Ground out 6-3 (Groundball, 6, EV 103.8 MPH)
Pitching: RHP Adam Dungey
Batting: RHB Raul Munoz 0-0: DOUBLE (Line Drive, 78XD, EV 104.4 MPH)
Batting: RHB Bryan Dannemiller 0-0: Called Strike
0-1: Called Strike
0-2: Ball
1-2: Foul Ball, location: 3SF
1-2: Ball
2-2: Foul Ball, location: 3DF
2-2: Strikes out swinging
Batting: RHB Carlos Flores 0-0: Foul Ball, location: 5DF
0-1: Called Strike
0-2: Strikes out swinging
Bottom of the 8th over - 0 runs, 1 hit, 0 errors, 1 left on base; Milwaukee 0 - Pittsburgh 4
TOP OF THE 9TH
Milwaukee Brewers batting - Pitching for Pittsburgh Pirates : RHP Dana House
Batting: RHB Johnny Curet 0-0: Swinging Strike
0-1: Fly out, F9 (Flyball, 9LSF, EV 88.1 MPH)
Batting: SHB Jamie Saxton 0-0: Swinging Strike
0-1: Foul Ball, location: 7LMF
0-2: Ball
1-2: Foul Ball, location: 5F
1-2: Fly out, F4 (Popup, 3S, EV 79.4 MPH)
Batting: RHB Nate Todaro 0-0: Ball
1-0: Foul Ball, location: 25F
1-1: Swinging Strike
1-2: Fly out, F9 (Flyball, 89D, EV 105.6 MPH)
Top of the 9th over - 0 runs, 0 hits, 0 errors, 0 left on base; Milwaukee 0 - Pittsburgh 4
Monday, April 8th , 2024 - OOTP Baseball 24.11 Build 85